 Dungeon Crawl Stone Soup version 0.32-a0-818-gb728d0252e (webtiles) character file.

Game seed: 9158963634655082857

1510149 ragingrage the Impregnable (level 27, 219/219 HPs)
             Began as a Gnoll Summoner on Mar 24, 2024.
             Was an Initiate of Gozag.
             Escaped with the Orb
             ... and 3 runes on Mar 25, 2024!
             The game lasted 02:16:31 (83346 turns).

ragingrage the Impregnable (Gnoll Summoner)        Turns: 83346, Time: 02:16:32

Health: 219/219    AC: 28    Str: 12    XL:     27
Magic:  46/46      EV: 24    Int: 35    God:    Gozag
Gold:   16012      SH: 21    Dex: 20    Spells: 5/64 levels left

rFire   + + .        b - staff "Odagex" {*Corrode rElec rPois Fire Earth Alchemy}
rCold   + . .        G - +5 kite shield {AC+3}
rNeg    . . .        x - +2 troll leather armour "Ypniuschei" {rF+ Regen+ Str+3 Dex+3 Stlth+}
rPois   +            L - +2 hat
rElec   +            R - +5 cloak of Lethargy {*Corrode Int+3 Dex+3}
rCorr   .            O - +2 pair of gloves of Okawaru's Regard {rElec Regen+}
SInv    +            y - +2 pair of boots
Will    +++..        r - amulet of magic regeneration
Stlth   +++          i - ring of the Lich-sworn {rPois rC+ Will+ Stlth+}
HPRegen 2.16/turn    T - ring "Uteolian" {rF+ Int+6 SInv}
MPRegen 0.70/turn

%: corrode self (6%)
@: studying 3 skills, bribing [the Dungeon, the Depths]
A: fangs 1, strong nose, distributed training, deterioration 1, sense
surroundings 1, screaming 1, wild magic 1, inability to drink after injury 1,
MP-powered wands
0: Orb of Zot
}: 3/15 runes: serpentine, barnacled, slimy
a: Renounce Religion, Potion Petition, Call Merchant, Bribe Branch


You escaped.
You worshipped Gozag.
Gozag was extremely pleased with you.
You visited 11 branches of the dungeon, and saw 52 of its levels.

You collected 30152 gold pieces.
You spent 6411 gold pieces at shops.
You paid 7729 gold pieces to Gozag.

Inventory:

Hand Weapons
 a - a +7 demon trident of freezing
 k - the +2 rapier of the Chewing Tiger {heavy, rPois rF++ rC+ rCorr}
   (You found it on level 3 of the Lair of Beasts)

   rF++:      It greatly protects you from fire.
   rC+:       It protects you from cold.
   rPois:     It protects you from poison.
   rCorr:     It protects you from acid and corrosion.
 F - a +1 demon whip of pain
Missiles
 v - 13 silver javelins
 J - 4 curare-tipped darts
Armour
 x - the +2 troll leather armour "Ypniuschei" (worn) {rF+ Regen+ Str+3 Dex+3 Stlth+}
   (You bought it in a shop on level 3 of the Dungeon)

   Str+3:     It affects your strength (+3).
   Dex+3:     It affects your dexterity (+3).
   rF+:       It protects you from fire.
   Regen+:    It increases your rate of health regeneration.
   Stlth+:    It makes you more stealthy.
 y - a +2 pair of boots (worn)
 G - a +5 kite shield of protection (worn)
 L - a +2 hat (worn)
 O - the +2 pair of gloves of Okawaru's Regard (worn) {rElec Regen+}
   (You found it on level 2 of the Realm of Zot)

   rElec:     It insulates you from electricity.
   Regen+:    It increases your rate of health regeneration.
 R - the +5 cloak of Lethargy (worn) {*Corrode Int+3 Dex+3}
   (You found it on level 3 of the Depths)

   Int+3:     It affects your intelligence (+3).
   Dex+3:     It affects your dexterity (+3).
   *Corrode:  It may corrode you when you take damage.
 Z - the +1 chain mail of Xom's Inspiration {rCorr Str+3 Dex-3}
   (You found it on level 2 of the Realm of Zot)

   Str+3:     It affects your strength (+3).
   Dex-3:     It affects your dexterity (-3).
   rCorr:     It protects you from acid and corrosion.
Magical Staves
 b - the staff "Odagex" (weapon) {*Corrode rElec rPois Fire Earth Alchemy}
   (You found it on level 4 of the Shoals)

   [staff of alchemy]

   Base accuracy: +5 Base damage: 5 Base attack delay: 1.2 This weapon's minimum
   attack delay (0.6) is reached at skill level 12.
   rElec:     It insulates you from electricity.
   rPois:     It protects you from poison.
   *Corrode:  It may corrode you when you take damage.
   Fire:      It increases the power of your Fire spells.
   Earth:     It increases the power of your Earth spells.
   Alchemy:   It increases the power of your Alchemy spells.
   It falls into the 'Staves' category.
   It is a one-handed weapon.
Jewellery
 i - the ring of the Lich-sworn (left hand) {rPois rC+ Will+ Stlth+}
   (You bought it in a shop on level 3 of the Snake Pit)

   [ring of protection from cold]

   rC+:       It protects you from cold.
   rPois:     It protects you from poison.
   Will+:     It increases your willpower.
   Stlth+:    It makes you more stealthy.
 r - an amulet of magic regeneration (around neck)
 N - the ring "Ytukkau" {Wiz Int+4}
   (You took it off a vampire knight on level 3 of the Depths)

   [ring of wizardry]

   Wiz:       It improves your spell success rate.
   Int+4:     It affects your intelligence (+4).
 T - the ring "Uteolian" (right hand) {rF+ Int+6 SInv}
   (You bought it in a shop on level 14 of the Dungeon)

   [ring of intelligence]

   Int+6:     It affects your intelligence (+6).
   rF+:       It protects you from fire.
   SInv:      It lets you see invisible.
Wands
 d - a wand of digging (23)
 B - a wand of quicksilver (60)
 I - a wand of warping (30)
 Q - a wand of paralysis (74)
Scrolls
 e - 8 scrolls of vulnerability
 g - 4 scrolls of brand weapon
 p - 4 scrolls of noise
 q - 14 scrolls of poison
 s - 20 scrolls of teleportation
 u - 5 scrolls of blinking
 w - 10 scrolls of enchant armour
 H - 3 scrolls of silence
 K - 10 scrolls of fear
 P - 2 scrolls of summoning
 S - 8 scrolls of revelation
 W - 20 scrolls of identify
 X - 8 scrolls of immolation
 Y - 6 scrolls of fog
Potions
 c - 4 potions of brilliance
 h - 2 potions of invisibility
 j - 7 potions of enlightenment
 m - 4 potions of magic
 n - 7 potions of lignification
 o - 9 potions of might
 t - 17 potions of curing
 z - 5 potions of attraction
 A - 4 potions of resistance
 D - 5 potions of mutation
 E - 10 potions of haste
 M - 7 potions of ambrosia
 U - 10 potions of heal wounds
 V - 3 potions of cancellation
Miscellaneous
 l - a phial of floods
 C - a condenser vane


   Skills:
 + Level 18.7 Fighting
 + Level 18.7 Short Blades
 + Level 18.7 Long Blades
 + Level 18.7 Axes
 + Level 18.7 Maces & Flails
 + Level 18.7 Polearms
 + Level 18.7 Staves
 + Level 18.7 Ranged Weapons
 + Level 21.5 Throwing
 + Level 22.5 Armour
 + Level 19.1 Dodging
 + Level 19.1 Stealth
 + Level 18.7 Shields
 + Level 18.7 Unarmed Combat
 + Level 19.2 Spellcasting
 + Level 15.9 Conjurations
 + Level 15.9 Hexes
 + Level 17.2 Summonings
 + Level 15.9 Necromancy
 + Level 15.9 Translocations
 + Level 15.9 Fire Magic
 + Level 15.9 Ice Magic
 + Level 15.9 Air Magic
 + Level 19.6 Earth Magic
 + Level 15.9 Alchemy
 + Level 20.2 Invocations
 + Level 18.7 Evocations
 + Level 17.2 Shapeshifting


You had 5 spell levels left.
You knew the following spells:

 Your Spells              Type           Power      Damage    Failure   Level
a - Spellforged Servitor  Conj/Summ      57%        N/A       3%          7
b - Summon Mana Viper     Hex/Summ       100%       N/A       1%          5
c - Summon Cactus Giant   Summ           58%        N/A       1%          6
d - Summon Forest         Summ/Tloc      57%        N/A       1%          5
e - Summon Small Mammal   Summ           100%       N/A       1%          1
f - Irradiate             Conj/Alch      68%        3d34      1%          5
g - Borgnjor's Vile Clut  Necr/Erth      71%        N/A       1%          5
h - Vhi's Electric Charg  Tloc/Air       100%       N/A       1%          4
i - Summon Lightning Spi  Summ/Air       100%       N/A       1%          4
j - Permafrost Eruption   Ice/Erth       71%        2x4d19    1%          6
k - Passwall              Erth           100%       N/A       1%          3
l - Bombard               Conj/Erth      71%        9d11      1%          6
m - Blink                 Tloc           100%       N/A       1%          2

Your spell library contained the following spells:

 Spells                   Type           Power      Damage    Failure   Level
 Apportation              Tloc           100%       N/A       1%          1
 Freeze                   Ice            100%       1d10      1%          1
 Kiss of Death            Conj/Necr      100%       2d13      1%          1
 Magic Dart               Conj           100%       1d8       1%          1
 Necrotise                Necr           100%       1d9       1%          1
 Sandblast                Erth           100%       2d20      1%          1
 Shock                    Conj/Air       100%       1d9       1%          1
 Sting                    Conj/Alch      100%       1d9       1%          1
 Call Imp                 Summ           100%       N/A       1%          2
 Cigotuvi's Dreadful Rot  Necr/Alch/Air  100%       N/A       1%          2
 Ensorcelled Hibernation  Hex/Ice        100%       N/A       1%          2
 Jinxbite                 Hex            100%       N/A       1%          2
 Lesser Beckoning         Tloc           100%       N/A       1%          2
 Momentum Strike          Conj/Tloc      100%       3d10      1%          2
 Searing Ray              Conj           100%       2d8       1%          2
 Static Discharge         Conj/Air       100%       3-8/arc   1%          2
 Sublimation of Blood     Necr           100%       N/A       1%          2
 Call Canine Familiar     Summ           100%       N/A       1%          3
 Confusing Touch          Hex            100%       N/A       1%          3
 Frozen Ramparts          Ice            100%       1d16      1%          3
 Fugue of the Fallen      Necr           100%       N/A       1%          3
 Gell's Gravitas          Tloc           100%       N/A       1%          3
 Hailstorm                Conj/Ice       100%       3d16      1%          3
 Inner Flame              Hex/Fire       100%       N/A       1%          3
 Ozocubu's Armour         Ice            100%       N/A       1%          3
 Sigil of Binding         Hex            100%       N/A       1%          3
 Stone Arrow              Conj/Erth      100%       3d13      1%          3
 Swiftness                Air            100%       N/A       1%          3
 Teleport Other           Tloc           100%       N/A       1%          3
 Tukima's Dance           Hex            100%       N/A       1%          3
 Vampiric Draining        Necr           100%       2d13      1%          3
 Volatile Blastmotes      Fire/Tloc      100%       2d18      1%          3
 Anguish                  Hex/Necr       56%        N/A       1%          4
 Animate Armour           Summ/Erth      100%       N/A       1%          4
 Brom's Barrelling Bould  Conj/Erth      100%       2d11      1%          4
 Cause Fear               Hex            56%        N/A       1%          4
 Dimensional Bullseye     Hex/Tloc       56%        N/A       1%          4
 Dispel Undead            Necr           100%       3d31      1%          4
 Fulminant Prism          Conj/Alch      68%        3d27      1%          4
 Iskenderun's Mystic Bla  Conj/Tloc      100%       2d19      1%          4
 Leda's Liquefaction      Alch/Erth      83%        N/A       1%          4
 Manifold Assault         Tloc           100%       N/A       1%          4
 Martyr's Knell           Necr/Summ      100%       N/A       1%          4
 Passage of Golubria      Tloc           100%       N/A       1%          4
 Petrify                  Alch/Erth      100%       N/A       1%          4
 Sticky Flame             Fire/Alch      100%       2d15      1%          4
 Summon Blazeheart Golem  Fire/Summ      100%       N/A       1%          4
 Alistair's Intoxication  Alch           90%        N/A       1%          5
 Arcjolt                  Conj/Air       56%        1d66      1%          5
 Curse of Agony           Necr           100%       N/A       1%          5
 Lee's Rapid Deconstruct  Erth           73%        3d33*     1%          5
 Metabolic Englaciation   Hex/Ice        56%        N/A       1%          5
 Silence                  Hex/Air        56%        N/A       1%          5
 Yara's Violent Unravell  Hex/Alch       68%        3d25      1%          5
 Conjure Ball Lightning   Conj/Air       56%        3x3d20    1%          6
 Dispersal                Tloc           56%        N/A       1%          6
 Eringya's Noxious Bog    Alch           68%        4d6       1%          6
 Sculpt Simulacrum        Ice/Alch       68%        N/A       1%          6
 Enfeeble                 Hex            56%        N/A       3%          7
 Ozocubu's Refrigeration  Ice            56%        4d19      3%          7
 Lehudib's Crystal Spear  Conj/Erth      71%        10d16     12%         8
 Discord                  Hex            56%        N/A       22%         8
 Disjunction              Tloc           56%        N/A       22%         8
 Ignition                 Fire           68%        3d18      22%         8
 Maxwell's Capacitive Co  Air            56%        ∞         22%         8
 Polar Vortex             Ice            56%        12d7*     96%         9


Dungeon Overview and Level Annotations

Branches:
Dungeon (15/15)            Temple (1/1) D:7            Lair (5/5) D:9
 Shoals (4/4) Lair:2        Snake (4/4) Lair:2        Slime (5/5) Lair:5
    Orc (2/2) D:9             Elf (3/3) Orc:2        Vaults (4/5) D:13
  Crypt (0/3) Vaults:3     Depths (4/4) D:15            Zot (5/5) Depths:4

Altars:
Ashenzari
Cheibriados
Dithmenos
Elyvilon
Fedhas
Gozag
Hepliaklqana
Kikubaaqudgha
Makhleb
Nemelex Xobeh
Okawaru
Qazlal
Ru
Sif Muna
Trog
Uskayaw
Vehumet
Wu Jian
Xom
Yredelemnul
Zin
The Shining One
Beogh
Jiyva
Lugonu

Shops:
D:3 [   D:5 :   D:8 *   D:12 (   D:14 =   D:15 ?   Orc:2 *[([   Elf:2 :(!?
Elf:3 ((:!   Shoals:2 ?   Shoals:4 !   Snake:3 :==   Vaults:3 !(*

Portals:
Hell: Depths:1 Depths:2 Depths:3 Depths:4
Abyss: D:14 Depths:3
Pandemonium: Depths:2 Depths:3
Ziggurat: Depths:2
Trove: D:11 (give horn of Geryon)

Annotations:
D:8 exclusion: downstairs
D:15 1 runed translucent door
Snake:2 exclusion: downstairs
Slime:4 exclusion: downstairs
Elf:1 exclusion: downstairs
Elf:2 3 runed translucent doors
Vaults:1 exclusion: downstairs
Depths:1 36 runed translucent doors
Zot:3 2 transporters
Zot:4 exclusion: downstairs


Innate Abilities, Weirdness & Mutations

You have very sharp teeth.
Your uncanny sense of smell can sniff out nearby items.
Your experience applies equally to all skills.
Your body sometimes deteriorates upon taking damage.
You passively map a small area around you.
You occasionally shout uncontrollably at your foes.
Your spells are a little harder to cast, but a little more powerful.
You occasionally lose the ability to drink potions when taking damage.
You expend magic power (3 MP) to strengthen your wands.


Message History

You hit the efreet but do no damage.
You envenom the efreet!
The efreet is poisoned.
You hit the efreet but do no damage.
You envenom the efreet!
You kill the efreet!
No target in view!
You now have 16005 gold pieces (gained 10).
You see here a +2 scimitar of flaming.
Xuavaogi comes into view.
Xuavaogi stares, then turns away, jangling a coin purse.
No target in view!
A red devil comes into view. It is wielding a +0 trident.
You howl at the red devil!
(D) Dungeon (T) Temple (L) Lair (A) Shoals (P) Snake Pit (M) Slime Pits (O) Orcish Mines (E) Elven Halls (V) Vaults (C) Crypt (U) Depths (H) Hell (Z) Zot
Where to? (Tab/Enter - D:1 @ (x,y), ? - help)
A red devil is nearby!
There is a stone staircase leading up here.
You climb upwards.
There is a stone staircase leading down here.
(D) Dungeon (T) Temple (L) Lair (A) Shoals (P) Snake Pit (M) Slime Pits (O) Orcish Mines (E) Elven Halls (V) Vaults (C) Crypt (U) Depths (H) Hell (Z) Zot
Where to? (Tab/Enter - D:1 @ (x,y), ? - help)
The rakshasa stares, then turns away, jangling a coin purse.
A rakshasa and a bat come into view.
You hit the bat!
You envenom the bat!
You kill the bat!
You now have 16012 gold pieces (gained 7).
No target in view!
No target in view!
(D) Dungeon (T) Temple (L) Lair (A) Shoals (P) Snake Pit (M) Slime Pits (O) Orcish Mines (E) Elven Halls (V) Vaults (C) Crypt (U) Depths (H) Hell (Z) Zot
Where to? (Tab/Enter - D:1 @ (x,y), ? - help)
There is a staircase leading out of the dungeon here.
You have escaped!

.........#######.#######.##
#########.######.######.###
.....#####.#####.#####.####
####.######.####.####.#####
#.#######.###.###.######
#.########.##.##.#######
#.#########.#.#.########
#.# ########X#.######## #.#
#.......#@#.......# #)#
########.#.######## #.#
#######.#.#.####### ####.#
######.##.##.####### .....#
#####.###.###.######
###########.####.####.#####
###.#####.#####.####
##.######..#####.###
#.#######..######.#


You could see a friendly Orb Guardian.

Vanquished Creatures
  the Royal Jelly (Slime:5)
  2 dread liches
  An ancient lich (Zot:5)
  5 orbs of fire
  Josephina (Depths:2)
  2 juggernauts
  8 Killer Klowns
  Vashnia (Snake:3)
  6 golden dragons
  2 electric golems
  12 tentacled monstrosities
  2 walking crystal tomes (Depths:2)
  A lich (Depths:3)
  20 Orb Guardians
  A deep elf master archer (Elf:3)
  2 walking frostbound tomes (Depths:4)
  A quicksilver dragon (Zot:1)
  2 sphinxes
  11 acid blobs
  An Executioner (D:6)
  A kraken (Shoals:4)
  A shadow dragon (Zot:1)
  9 death cobs
  11 storm dragons
  3 tengu reavers
  12 rockslimes
  Donald (Vaults:4)
  Ilsuiw (Shoals:2)
  5 draconian knights
  4 fire giants
  2 protean progenitors
  5 draconian monks
  An iron dragon (Depths:2)
  10 azure jellies
  A frost giant (Depths:3)
  5 ghost moths
  3 draconian shifters
  A deep elf elementalist (Elf:3)
  5 vault wardens
  10 draconian scorchers
  A balrug (Depths:2)
  7 very ugly things
  3 draconian stormcallers
  5 ironbound preservers
  5 spriggan defenders
  10 draconian annihilators
  2 reapers
  6 stone giants
  6 quicksilver oozes
  2 formless jellyfish
  4 ironbound thunderhulks
  4 green draconians (Zot:5)
  9 black draconians
  2 war gargoyles (Vaults:2)
  The ghost of Pedyestre the Fighter, a journeyman DsIE of Vehumet (Orc:1)
  6 vampire knights
  4 dire elephants
  21 red draconians
  2 spark wasps (Depths:3)
  8 purple draconians
  14 white draconians
  8 yellow draconians
  5 merfolk javelineers
  9 merfolk impalers
  4 fire dragons
  2 entropy weavers
  4 rakshasas
  3 great orbs of eyes
  5 ice dragons
  7 yaktaur captains
  A hell beast (Depths:3)
  3 hydras
  6 spriggan air magi
  2 peacekeepers
  2 boulder beetles
  2 anacondas (Snake:1)
  11 centaur warriors
  2 alligator snapping turtles (Shoals:4)
  4 merfolk avatars
  8 ironbound frosthearts
  2 satyrs
  A merfolk aquamancer (Shoals:4)
  3 two-headed ogres
  A tengu warrior (Depths:2)
  2 death yaks
  5 deep troll earth magi
  5 hell hogs (Depths:2)
  2 deep troll shamans
  3 occultists
  A shock serpent (Snake:1)
  10 spriggan berserkers
  4 hell knights
  A naga warrior (Snake:2)
  3 deep elf knights
  3 soul eaters
  6 sun demons
  8 shadow wraiths
  2 iron trolls
  9 sea snakes
  A salamander mystic (Snake:4)
  2 flayed ghosts
  A mana viper (shapeshifter) (Depths:2)
  5 arcanists
  24 deep trolls
  2 sun moths (Shoals:3)
  5 glowing orange brains
  2 necromancers (Depths:4)
  8 ironbound convokers
  A kraken simulacrum (Shoals:4)
  2 lindwurms (Vaults:1)
  11 harpies
  A large abomination (D:6)
  3 phantasmal warriors
  2 deep elf zephyrmancers (Elf:3)
  A deep elf archer (Elf:2)
  24 ugly things
  2 deep elf pyromancers
  A cyclops (Shoals:3)
  8 fauns
  2 salamanders
  11 manticores
  22 moths of wrath
  6 shining eyes
  A faun (shapeshifter) (Depths:2)
  An orc sorcerer (Orc:1)
  A guardian serpent (Snake:3)
  3 water nymphs
  10 merfolk sirens
  7 elephants
  4 black mambas
  An eye of devastation (Slime:3)
  A torpor snail (Lair:1)
  3 vault sentinels
  A smoke demon (Depths:2)
  Maggie (D:7)
  6 cane toads
  2 hellions
  A yaktaur zombie (Vaults:1)
  18 yaktaurs
  4 komodo dragons
  2 tengu conjurers
  A human skeleton (Vaults:1)
  2 efreet
  15 merfolk
  A queen bee (shapeshifter) (Vaults:2)
  A troll (Orc:2)
  6 wind drakes
  A tengu simulacrum (Depths:2)
  A polar bear (Lair:1)
  3 blink frogs
  2 hornets
  3 dream sheep (Shoals:3)
  2 glass eyes
  A fire giant simulacrum (Depths:2)
  78 slime creatures
  A shadow (D:11)
  7 snapping turtles
  A vampire (D:12)
  3 spriggans
  A culicivora (Vaults:1)
  2 wraiths
  An ettin skeleton (Vaults:1)
  14 yaks
  2 wyverns
  3 water elementals
  A fire bat (Lair:1)
  A steam dragon (D:9)
  The ghost of justen the Covered, an amateur MiFi (D:5)
  19 fire elementals
  2 basilisks
  19 golden eyes
  A human (shapeshifter) (Depths:2)
  A warg (Orc:2)
  A human (D:13)
  A redback (Vaults:1)
  3 vampire mosquitoes
  2 nagas
  15 nameless horrors
  6 water moccasins
  7 orc warriors
  2 laughing skulls (D:15)
  A black bear (Zot:1)
  An ogre (Orc:2)
  5 wolves (Lair:5)
  4 centaurs
  9 boggarts
  A kobold brigand (D:9)
  3 bullfrogs
  A gnoll sergeant (D:9)
  A glowing shapeshifter simulacrum (Depths:2)
  A scorpion (D:5)
  2 wights (D:9)
  A jelly (D:8)
  An electric eel (D:13)
  4 howler monkeys
  A hound (D:4)
  2 orc priests
  A sleepcap (D:6)
  3 iguanas
  5 hell rats
  6 orc wizards
  2 gnolls (D:9)
  5 river rats
  A shadow imp (D:8)
  A white imp (D:5)
  An ufetubus (D:5)
  A ribbon worm (D:4)
  13 orcs
  2 endoplasms
  6 giant cockroaches
  5 hobgoblins
  2 jackals (D:1)
  8 kobolds
  3 quokkas
  3 ball pythons
  5 bats
  A frilled lizard (D:2)
  6 goblins
  7 rats
  2 aspiring fleshes (Zot:1)
  2 tentacles
1031 creatures vanquished.

Vanquished Creatures (collateral kills)
  Mara (Shoals:3)
  Boris (Depths:4)
  A Killer Klown (Zot:5)
  Saint Roka (Orc:2)
  3 golden dragons
  Jory (Depths:3)
  the Enchantress (Depths:4)
  Rupert (D:12)
  An electric golem (Zot:5)
  Jorgrun (D:12)
  8 Orb Guardians
  Mlioglotl (Shoals:1)
  2 tentacled monstrosities
  A lich (Depths:1)
  2 deep elf blademasters
  2 quicksilver dragons
  A sphinx (Vaults:3)
  5 acid blobs
  A kraken (Shoals:3)
  A shadow dragon (Vaults:2)
  A storm dragon (Depths:4)
  Aizul (Snake:4)
  A tengu reaver (Vaults:3)
  4 azure jellies
  A fire giant (Depths:3)
  5 nagarajas (Snake:4)
  2 rockslimes (Slime:5)
  2 draconian knights (Depths:4)
  2 frost giants
  4 deep elf sorcerers (Elf:3)
  A draconian shifter (Zot:2)
  A balrug (Depths:2)
  5 deep elf elementalists (Elf:3)
  4 vault wardens
  3 spriggan defenders
  5 ironbound preservers
  4 very ugly things
  4 formless jellyfish
  A vampire knight (Depths:3)
  2 stone giants (Depths:4)
  9 deep elf death magi (Elf:3)
  A black draconian (Zot:2)
  A white draconian (Zot:5)
  3 deep elf demonologists
  9 deep elf annihilators
  3 dire elephants
  2 war gargoyles (Vaults:4)
  Azrael (Snake:1)
  A red draconian (Zot:5)
  2 spark wasps
  A purple draconian (Zot:3)
  3 ettins
  A merfolk javelineer (Shoals:2)
  3 merfolk impalers (Shoals:4)
  10 eidola (Depths:3)
  2 crystal guardians (Vaults:4)
  An entropy weaver (shapeshifter) (Elf:1)
  An entropy weaver (Vaults:1)
  A yaktaur captain (Vaults:4)
  3 deep elf high priests (Elf:3)
  3 great orbs of eyes
  2 ice dragons
  A peacekeeper (Vaults:4)
  7 vault guards
  9 anacondas
  4 salamander tyrants
  2 spriggan air magi (Depths:4)
  6 centaur warriors
  4 ironbound frosthearts
  A hydra (Lair:3)
  An alligator snapping turtle (Shoals:2)
  5 catoblepae
  A two-headed ogre (D:13)
  3 merfolk aquamancers
  16 dancing weapons
  Erolcha (D:12)
  8 death yaks (Lair:5)
  Urug (D:11)
  10 shock serpents
  An orc high priest (Orc:2)
  4 spriggan berserkers
  A tengu warrior (D:13)
  A shock serpent (shapeshifter) (Vaults:3)
  13 deep elf knights
  15 naga warriors
  12 naga sharpshooters
  3 sun demons
  3 hell knights (Depths:4)
  Nergalle (Lair:3)
  4 skeletal warriors (D:14)
  2 soul eaters (Depths:2)
  3 skysharks
  8 salamander mystics
  5 shadow wraiths (Depths:3)
  A sea snake (Shoals:4)
  3 flayed ghosts
  An arcanist (Vaults:2)
  19 deep trolls
  Lodul (D:13)
  9 naga ritualists
  A glowing orange brain (shapeshifter) (Depths:3)
  2 spriggan druids (Elf:1)
  A glowing orange brain (Depths:4)
  11 mana vipers
  A sun moth (Shoals:3)
  3 obsidian bats
  5 ironbound convokers
  4 thermic dynamos (Elf:3)
  4 orc knights
  A necromancer (Vaults:1)
  12 deep elf archers
  A phantasmal warrior (Vaults:3)
  26 deep elf pyromancers
  5 harpies
  22 deep elf zephyrmancers
  6 orc sorcerers
  A shining eye (Slime:2)
  A manticore (shapeshifter) (D:14)
  4 oklob plants (Lair:5)
  12 ugly things
  5 cyclopes
  8 manticores
  A faun (Shoals:2)
  2 water nymphs (Shoals:2)
  An eye of devastation (Slime:4)
  5 kobold blastminers
  A guardian serpent (shapeshifter) (Elf:1)
  22 salamanders
  4 guardian serpents
  31 black mambas
  11 elephants
  A smoke demon (D:3)
  8 cane toads
  16 naga magi
  5 vault sentinels
  5 merfolk sirens
  An unseen horror (D:13)
  2 gargoyles
  5 komodo dragons
  A rime drake (Lair:1)
  An ice devil (Zot:3)
  15 yaktaurs
  3 trolls
  5 polar bears (Lair:5)
  A wind drake (Shoals:1)
  A glass eye (Slime:2)
  4 merfolk
  5 hornets
  14 blink frogs
  4 snapping turtles
  Prince Ribbit (D:7)
  8 dream sheep
  16 slime creatures
  2 air elementals
  A jumping spider (shapeshifter) (Elf:3)
  15 spriggans
  2 wraiths
  11 water elementals
  33 yaks
  Eustachio (D:5)
  12 fire elementals
  15 humans (D:13)
  3 wyverns
  A human (shapeshifter) (Elf:1)
  4 basilisks
  5 wargs
  A golden eye (shapeshifter) (Elf:1)
  3 steam dragons
  2 fire bats (Lair:1)
  A golden eye (Slime:2)
  27 vampire mosquitoes
  3 acid dragons
  A hell hound (Snake:1)
  30 nagas
  16 water moccasins
  A sky beast (D:7)
  31 orc warriors
  7 ogres
  6 black bears
  14 wolves (Lair:5)
  2 boggarts
  6 centaurs
  Blork the orc (D:5)
  4 kobold brigands
  4 scorpions
  9 bullfrogs
  An earth elemental (Elf:1)
  3 wights (D:9)
  4 howler monkeys
  A bombardier beetle (D:8)
  A jelly (D:4)
  Crazy Yiuf (D:3)
  20 orc priests
  2 hounds (D:5)
  3 iguanas
  28 orc wizards
  17 nameless horrors
  6 adders
  4 gnolls
  A river rat (Lair:1)
  A shadow imp (D:8)
  A white imp (D:5)
  An ufetubus (D:5)
  A dart slug (D:2)
  2 ribbon worms
  99 orcs
  5 bats
  2 endoplasms
  15 giant cockroaches
  4 goblins
  A hobgoblin (D:2)
  A jackal (D:1)
  20 kobolds
  5 quokkas
  2 ball pythons
  3 frilled lizards
  4 rats
  2 tentacles
1213 creatures vanquished.

Vanquished Creatures (others)
  An ironbound preserver (Vaults:4)
  A deep elf pyromancer (Elf:3)
  A deep elf zephyrmancer (Elf:1)
  A hell hound (Snake:1)
  38 blazeheart cores
  A lurking horror (D:14)
  34 snaplasher vines
  8 tentacles
85 creatures vanquished.

Grand Total: 2329 creatures vanquished

Notes
Turn   | Place    | Note
-------+----------+-------------------------------------------
     0 | D:1      | ragingrage the Gnoll Summoner began the quest for the Orb.
     0 | D:1      | Reached XP level 1. HP: 13/13 MP: 6/6
   373 | D:1      | Reached XP level 2. HP: 19/19 MP: 4/7
   832 | D:1      | Reached skill level 5 in Spellcasting
   832 | D:1      | Reached XP level 3. HP: 23/25 MP: 6/9
   890 | D:1      | Learned a level 2 spell: Call Imp
   894 | D:1      | Learned a level 3 spell: Call Canine Familiar
  1129 | D:2      | Reached skill level 1 in Invocations
  1506 | D:2      | Reached skill level 1 in Fighting
  1506 | D:2      | Reached skill level 1 in Short Blades
  1506 | D:2      | Reached skill level 1 in Long Blades
  1506 | D:2      | Reached skill level 1 in Axes
  1506 | D:2      | Reached skill level 1 in Maces & Flails
  1506 | D:2      | Reached skill level 1 in Polearms
  1506 | D:2      | Reached skill level 1 in Staves
  1506 | D:2      | Reached skill level 1 in Ranged Weapons
  1506 | D:2      | Reached skill level 1 in Throwing
  1506 | D:2      | Reached skill level 1 in Armour
  1506 | D:2      | Reached skill level 1 in Shields
  1506 | D:2      | Reached skill level 1 in Unarmed Combat
  1506 | D:2      | Reached skill level 1 in Evocations
  2104 | D:2      | Reached skill level 1 in Shapeshifting
  2104 | D:2      | Reached XP level 4. HP: 32/32 MP: 11/11
  2255 | D:3      | Reached skill level 1 in Conjurations
  2255 | D:3      | Reached skill level 1 in Hexes
  2255 | D:3      | Reached skill level 1 in Necromancy
  2255 | D:3      | Reached skill level 1 in Translocations
  2255 | D:3      | Reached skill level 1 in Fire Magic
  2255 | D:3      | Reached skill level 1 in Ice Magic
  2255 | D:3      | Reached skill level 1 in Air Magic
  2255 | D:3      | Reached skill level 1 in Earth Magic
  2255 | D:3      | Reached skill level 1 in Alchemy
  2591 | D:3      | Found a runed translucent door.
  2592 | D:3      | Noticed Crazy Yiuf
  2622 | D:3      | Reached XP level 5. HP: 37/37 MP: 7/12
  2900 | D:3      | Learned a level 4 spell: Summon Blazeheart Golem
  2905 | D:3      | Learned a level 4 spell: Summon Lightning Spire
  3043 | D:3      | Found a glowing golden altar of the Shining One.
  3066 | D:3      | Found Dunyesey's Antique Armour Boutique.
  3695 | D:4      | Reached XP level 6. HP: 40/44 MP: 9/13
  3890 | D:4      | Reached skill level 2 in Armour
  3890 | D:4      | Reached skill level 5 in Dodging
  4183 | D:4      | Found a bloodstained altar of Trog.
  4614 | D:4      | Reached XP level 7. HP: 51/51 MP: 15/15
  4835 | D:3      | Bought a pair of dazzling gloves for 294 gold pieces
  4835 | D:3      | Identified the +0 pair of gloves of Noughts and Crosses
                  | {Regen+ Str-5 Slay+2} (You bought it in a shop on level 3
                  | of the Dungeon)
  4969 | D:5      | Entered Level 5 of the Dungeon
  4972 | D:5      | Noticed Blork the orc
  4988 | D:5      | Killed Blork the orc
  4989 | D:5      | Reached skill level 5 in Stealth
  5067 | D:5      | Found a runed translucent gate.
  5067 | D:5      | Found a runed translucent gate.
  5067 | D:5      | Found a runed translucent gate.
  5073 | D:5      | Found Qozuit's Book Emporium.
  5255 | D:5      | Found Leurun's Distillery.
  5459 | D:5      | Noticed Eustachio
  5469 | D:5      | Killed Eustachio
  5470 | D:5      | Reached skill level 3 in Armour
  5470 | D:5      | Reached XP level 8. HP: 53/58 MP: 16/16
  5987 | D:5      | Noticed justen's ghost (amateur MiFi)
  5990 | D:5      | Identified the +4 short sword of Untruth {holy, ^Drain Fly
                  | Will+ Int+4}
  6088 | D:5      | Found a roughly hewn altar of Beogh.
  6911 | D:7      | Noticed Maggie
  6916 | D:7      | Noticed a wyvern
  6927 | D:6      | Noticed a nameless horror
  6931 | D:6      | Killed a wyvern
  6936 | D:6      | Killed a nameless horror
  7157 | D:7      | Killed Maggie
  7262 | D:7      | Reached XP level 9. HP: 65/65 MP: 14/18
  7367 | D:7      | Reached skill level 4 in Armour
  7612 | D:7      | Found the +11 Singing Sword {sonic wave}
  7717 | D:7      | Found a staircase to the Ecumenical Temple.
  7723 | Temple   | Entered the Ecumenical Temple
  7742 | Temple   | Became a worshipper of Gozag Ym Sagoz the Greedy
  8289 | D:8      | Found a snail-covered altar of Cheibriados.
  8398 | D:8      | Reached skill level 5 in Invocations
  8525 | D:8      | Found a hazy altar of Hepliaklqana.
  8729 | D:8      | Found Udi Goh's Assorted Antiques.
  8741 | D:8      | Bought a scroll labelled XUISHR SYUCH for 34 gold pieces
  8741 | D:8      | Bought a scroll labelled CUAROE LISKU for 34 gold pieces
  8741 | D:8      | Bought a fuming amethyst potion for 30 gold pieces
  8834 | D:8      | Identified the +4 mace of the Mind {pain, rPois rF+ MP+9}
  9474 | D:9      | Reached skill level 5 in Fighting
  9474 | D:9      | Reached skill level 5 in Short Blades
  9474 | D:9      | Reached skill level 5 in Long Blades
  9474 | D:9      | Reached skill level 5 in Axes
  9474 | D:9      | Reached skill level 5 in Maces & Flails
  9474 | D:9      | Reached skill level 5 in Polearms
  9474 | D:9      | Reached skill level 5 in Staves
  9474 | D:9      | Reached skill level 5 in Ranged Weapons
  9474 | D:9      | Reached skill level 5 in Throwing
  9474 | D:9      | Reached skill level 5 in Armour
  9474 | D:9      | Reached skill level 5 in Shields
  9474 | D:9      | Reached skill level 5 in Unarmed Combat
  9474 | D:9      | Reached skill level 5 in Evocations
  9521 | D:9      | Reached XP level 10. HP: 74/74 MP: 16/20
  9753 | D:9      | Noticed a two-headed ogre
  9769 | D:9      | Found a staircase to the Lair.
  9771 | D:9      | Noticed a death yak
  9989 | D:9      | Noticed a purple ugly thing
  9997 | D:9      | Killed a purple ugly thing
  9998 | D:9      | Reached skill level 5 in Shapeshifting
 10148 | D:9      | Killed a death yak
 10503 | D:9      | Reached skill level 6 in Armour
 10514 | D:9      | Reached skill level 5 in Conjurations
 10514 | D:9      | Reached skill level 5 in Hexes
 10514 | D:9      | Reached skill level 5 in Necromancy
 10514 | D:9      | Reached skill level 5 in Translocations
 10514 | D:9      | Reached skill level 5 in Fire Magic
 10514 | D:9      | Reached skill level 5 in Ice Magic
 10514 | D:9      | Reached skill level 5 in Air Magic
 10514 | D:9      | Reached skill level 5 in Earth Magic
 10514 | D:9      | Reached skill level 5 in Alchemy
 10723 | D:9      | Found a staircase to the Orcish Mines.
 10909 | D:9      | Learned a level 5 spell: Summon Forest
 10940 | D:10     | Entered Level 10 of the Dungeon
 10967 | D:10     | Noticed a two-headed ogre
 10976 | D:10     | Killed a two-headed ogre
 10977 | D:10     | Reached XP level 11. HP: 81/81 MP: 17/23
 11475 | D:10     | Noticed a manticore
 11484 | D:10     | Killed a manticore
 11862 | D:10     | Killed a two-headed ogre
 12149 | Lair:1   | Entered Level 1 of the Lair of Beasts
 12417 | Lair:1   | Found a dark tunnel.
 12911 | Lair:1   | Noticed a five-headed hydra
 12922 | Lair:1   | Killed a five-headed hydra
 12923 | Lair:1   | Reached skill level 7 in Armour
 13224 | Lair:1   | Reached XP level 12. HP: 91/91 MP: 23/24
 14054 | Lair:2   | Found a staircase to the Shoals.
 14391 | Lair:2   | Found a staircase to the Snake Pit.
 15062 | Lair:3   | Noticed Nergalle
 15068 | Lair:3   | Killed Nergalle
 15380 | Lair:3   | Reached skill level 8 in Armour
 15397 | Lair:3   | Reached XP level 13. HP: 96/98 MP: 26/26
 15451 | Lair:3   | Reached skill level 10 in Summonings
 15565 | Lair:3   | Identified the +2 rapier of the Chewing Tiger {heavy, rPois
                  | rF++ rC+ rCorr}
 15622 | Lair:3   | Learned a level 2 spell: Blink
 16066 | Lair:3   | Identified the +6 long sword of Duuhejen {protect, ^Fragile
                  | SInv Stlth+}
 16579 | Lair:3   | Learned a level 5 spell: Summon Mana Viper
 16588 | Lair:3   | Learned a level 6 spell: Summon Cactus Giant
 17309 | Lair:4   | Reached skill level 10 in Spellcasting
 18642 | Lair:5   | Entered Level 5 of the Lair of Beasts
 18685 | Lair:5   | Reached skill level 10 in Dodging
 18716 | Lair:5   | Reached skill level 9 in Armour
 18812 | Lair:5   | Reached skill level 10 in Stealth
 18969 | Lair:5   | Reached XP level 14. HP: 108/108 MP: 14/28
 19016 | Lair:5   | Reached skill level 10 in Invocations
 21757 | Lair:5   | Found a viscous altar of Jiyva.
 21977 | Lair:5   | Found a staircase to the Slime Pits.
 22287 | Orc:1    | Entered Level 1 of the Orcish Mines
 22564 | Orc:1    | Reached skill level 10 in Fighting
 22564 | Orc:1    | Reached skill level 10 in Short Blades
 22564 | Orc:1    | Reached skill level 10 in Long Blades
 22564 | Orc:1    | Reached skill level 10 in Axes
 22564 | Orc:1    | Reached skill level 10 in Maces & Flails
 22564 | Orc:1    | Reached skill level 10 in Polearms
 22564 | Orc:1    | Reached skill level 10 in Staves
 22564 | Orc:1    | Reached skill level 10 in Ranged Weapons
 22564 | Orc:1    | Reached skill level 10 in Throwing
 22564 | Orc:1    | Reached skill level 10 in Armour
 22564 | Orc:1    | Reached skill level 10 in Shields
 22564 | Orc:1    | Reached skill level 10 in Unarmed Combat
 22564 | Orc:1    | Reached skill level 10 in Evocations
 22728 | Orc:1    | Noticed Pedyestre's ghost (journeyman DsIE)
 22784 | Orc:1    | Found a runed translucent gate.
 22785 | Orc:1    | Found a runed translucent gate.
 22786 | Orc:1    | Found a runed translucent gate.
 22978 | Orc:1    | Reached XP level 15. HP: 115/115 MP: 26/30
 23327 | D:7      | Noticed Prince Ribbit
 23341 | D:7      | Killed Prince Ribbit
 23466 | D:3      | Killed Crazy Yiuf
 23683 | D:3      | Learned a level 5 spell: Irradiate
 23688 | D:3      | Learned a level 4 spell: Vhi's Electric Charge
 24204 | D:11     | Found a portal to a secret trove of treasure.
 24747 | D:12     | Noticed Urug
 24757 | D:11     | Killed Urug
 24857 | D:12     | Noticed Erolcha
 24864 | D:12     | Killed Erolcha
 25029 | D:12     | Found Jicejeoz's Weapon Shoppe.
 25122 | D:12     | Noticed Jorgrun
 25136 | D:12     | Killed Jorgrun
 25665 | D:12     | Noticed Rupert
 25683 | D:12     | Killed Rupert
 25749 | D:13     | Noticed Lodul
 25767 | D:13     | Killed Lodul
 25843 | D:13     | Noticed Nessos
 25849 | D:13     | Nessos changed into Nessos the yaktaur
 25849 | D:13     | Noticed Nessos
 25918 | D:13     | Killed Nessos the yaktaur
 25980 | D:13     | Found a gate to the Vaults.
 26825 | D:14     | Found a corrupted altar of Lugonu.
 26831 | D:14     | Found a one-way gate to the infinite horrors of the Abyss.
 27465 | D:14     | Identified the +3 scale mail "Ycemaxum" {rPois Regen+}
 27593 | D:14     | Found Hewn's Jewellery Boutique.
 27598 | D:14     | Bought the ring "Uteolian" {rF+ Int+6 SInv} for 650 gold
                  | pieces
 28278 | Snake:1  | Entered Level 1 of the Snake Pit
 28281 | Snake:1  | Noticed Azrael
 28284 | Snake:1  | Reached skill level 10 in Shapeshifting
 28297 | Snake:1  | Killed Azrael
 28401 | Snake:1  | Reached XP level 16. HP: 109/124 MP: 17/32
 28499 | Snake:1  | Reached skill level 11 in Armour
 28720 | D:5      | Killed justen's ghost
 28760 | D:5      | Identified the +1 pair of gloves of the Slorg {Dex+3}
 29184 | D:3      | Bought a steaming troll leather armour for 620 gold pieces
 29184 | D:3      | Identified the +2 troll leather armour "Ypniuschei" {rF+
                  | Regen+ Str+3 Dex+3 Stlth+} (You bought it in a shop on
                  | level 3 of the Dungeon)
 29442 | Snake:1  | You fall into a shaft and drop 1 floor!
 31585 | Snake:2  | Got the Encyclopedia of Lightning and Kinetic Energy
 31999 | Snake:3  | Noticed Vashnia
 32000 | Snake:3  | Killed Vashnia
 32465 | Snake:2  | Reached XP level 17. HP: 32/133 MP: 20/33
 32936 | Snake:3  | Reached skill level 10 in Conjurations
 32936 | Snake:3  | Reached skill level 10 in Hexes
 32936 | Snake:3  | Reached skill level 10 in Necromancy
 32936 | Snake:3  | Reached skill level 10 in Translocations
 32936 | Snake:3  | Reached skill level 10 in Fire Magic
 32936 | Snake:3  | Reached skill level 10 in Ice Magic
 32936 | Snake:3  | Reached skill level 10 in Air Magic
 32936 | Snake:3  | Reached skill level 10 in Earth Magic
 32936 | Snake:3  | Reached skill level 10 in Alchemy
 33125 | Snake:3  | Found Canoigext's Book Shop.
 33125 | Snake:3  | Found Codur's Jewellery Emporium.
 33126 | Snake:3  | Found Dehanyash's Jewellery Emporium.
 33339 | Snake:4  | Entered Level 4 of the Snake Pit
 33554 | Snake:4  | Reached skill level 12 in Armour
 34151 | Snake:4  | Identified the serpent talisman of the Game of Life {rN+
                  | Str+2}
 34151 | Snake:4  | Noticed Aizul
 34162 | Snake:4  | Killed Aizul
 35023 | Snake:4  | Got a serpentine rune of Zot
 35125 | Snake:4  | Got Ireotaont's Everyday Wizarding
 35376 | Orc:1    | Reached XP level 18. HP: 128/141 MP: 16/35
 35378 | Orc:1    | Killed Pedyestre's ghost
 35456 | Orc:2    | Entered Level 2 of the Orcish Mines
 35456 | Orc:2    | Found a shimmering altar of Xom.
 35849 | Orc:2    | Found a staircase to the Elven Halls.
 35894 | Orc:2    | Found a roughly hewn altar of Beogh.
 35911 | Orc:2    | Found Ymmiedeb's Armour Emporium.
 36074 | Orc:2    | Paralysed by an orc sorcerer for 5 turns
 36187 | Orc:2    | Noticed Saint Roka
 36207 | Orc:2    | Killed Saint Roka
 36241 | Orc:2    | Found Kieha's Antique Weapon Shoppe.
 36243 | Orc:2    | Found a roughly hewn altar of Beogh.
 36247 | Orc:2    | Found Kelaneac's Antique Armour Emporium.
 36263 | Orc:2    | Bought an embroidered cloak for 180 gold pieces
 36304 | Orc:2    | Found a roughly hewn altar of Beogh.
 36425 | Orc:2    | Found a roughly hewn altar of Beogh.
 36428 | Orc:2    | Found Moag Foe's Assorted Antiques.
 36437 | Orc:2    | Bought a pair of warped gloves for 228 gold pieces
 36437 | Orc:2    | Identified the +2 pair of gloves of Raariof {rC+} (You
                  | bought it in a shop on level 2 of the Orcish Mines)
 36722 | Orc:2    | Found a roughly hewn altar of Beogh.
 36911 | Elf:1    | Entered Level 1 of the Elven Halls
 37223 | Snake:3  | Bought the ring of Tauffoum {rElec MP+9 Dex+3} for 765 gold
                  | pieces
 39317 | Elf:1    | Found an ancient bone altar of Kikubaaqudgha.
 39444 | Elf:2    | Found Xamenuna's Book Emporium.
 39481 | Elf:2    | Found Farijimu's Weapon Shop.
 39485 | Elf:2    | Found Diuwn's Distillery.
 39504 | Elf:2    | Found Nunn's Magic Scroll Shop.
 39510 | Elf:2    | Bought a potion of brilliance for 68 gold pieces
 39510 | Elf:2    | Bought a potion of degeneration for 17 gold pieces
 39664 | Elf:2    | Reached skill level 13 in Armour
 39977 | Elf:2    | Found a runed translucent gate.
 39978 | Elf:2    | Found a runed translucent gate.
 39978 | Elf:2    | Found a runed translucent gate.
 40003 | Elf:3    | Entered Level 3 of the Elven Halls
 40069 | Elf:3    | Found Liuz's Antique Weapon Shop.
 40153 | Elf:3    | Identified a scroll of acquirement
 40184 | Elf:3    | Found Enug's Weapon Boutique.
 40389 | Elf:3    | Reached XP level 19. HP: 119/144 MP: 33/37
 40549 | Elf:3    | Found Judal's Book Shoppe.
 40570 | Elf:3    | Bought a manual of Armour for 1280 gold pieces
 40725 | Elf:3    | Noticed a Hell Sentinel
 40810 | Elf:3    | Found Essuwall's Distillery.
 41437 | Elf:3    | Bought a potion of heal wounds for 70 gold pieces
 41573 | Elf:3    | Identified the +11 sling "Grim" {freeze, rF+ Will+ Int+5
                  | Stlth-}
 41665 | Elf:3    | Identified the +0 leather armour of Lafafuc {Str+5}
 41691 | Elf:3    | Identified the +1 short sword of Virtue {antimagic, Fly rF-
                  | Will++ Dex-4}
 42924 | Elf:3    | Reached skill level 14 in Armour
 43439 | Elf:3    | Got the Directory of the Sweltering Jaunt
 43450 | Elf:3    | Identified the +10 whip of Amaclugg {spect, rF+ rC+ Str-2
                  | Int+3}
 43481 | Elf:3    | Learned a level 3 spell: Passwall
 43765 | Shoals:1 | Entered Level 1 of the Shoals
 44031 | Elf:2    | Bought a book of the Earth for 504 gold pieces
 44038 | Elf:2    | Learned a level 6 spell: Permafrost Eruption
 44567 | Shoals:2 | Noticed Mlioglotl
 44736 | Shoals:1 | Killed Mlioglotl
 45260 | Shoals:2 | Reached skill level 15 in Invocations
 45350 | Shoals:2 | Found Zeapovom's Magic Scroll Shop.
 45674 | Shoals:2 | Noticed Ilsuiw
 45678 | Shoals:2 | Killed Ilsuiw
 45756 | Shoals:2 | Reached XP level 20. HP: 158/158 MP: 35/38
 47393 | Shoals:4 | Entered Level 4 of the Shoals
 47505 | Shoals:4 | Reached skill level 15 in Armour
 47655 | Shoals:4 | Noticed Mara
 47657 | Shoals:4 | Noticed ragingrage's illusion
 47667 | Shoals:3 | Noticed ragingrage's illusion
 47675 | Shoals:3 | Killed Mara
 47676 | Shoals:3 | Reached skill level 15 in Spellcasting
 48454 | Shoals:4 | Reached skill level 15 in Dodging
 48771 | Shoals:4 | Got a barnacled rune of Zot
 49256 | Shoals:4 | Identified the staff "Odagex" {*Corrode rElec rPois Fire
                  | Earth Alchemy}
 49276 | Shoals:4 | Found Qaagenk's Distillery.
 49700 | D:13     | Reached skill level 15 in Stealth
 49794 | D:15     | Entered Level 15 of the Dungeon
 49908 | D:15     | Noticed a profane servitor
 49911 | D:15     | Noticed a profane servitor
 49914 | D:15     | Found the +1 eveningstar "Brilliance" {foul flame, Umbra}
 50135 | D:15     | Found a staircase to the Depths.
 50247 | D:15     | Found a runed translucent door.
 50343 | D:15     | Found Muhoir's Magic Scroll Shoppe.
 50553 | D:15     | Found an ornate altar of the Wu Jian Council.
 50930 | Vaults:1 | Entered Level 1 of the Vaults
 51377 | Vaults:1 | Reached XP level 21. HP: 166/166 MP: 32/40
 51976 | Vaults:1 | Reached skill level 16 in Armour
 52050 | Vaults:1 | Noticed a golden dragon
 52066 | Vaults:1 | Killed a golden dragon
 53228 | Vaults:2 | Identified the +1 rapier of Honesty {speed, *Corrode rElec
                  | Int-5 Stlth+}
 53946 | Vaults:2 | Reached skill level 15 in Fighting
 53946 | Vaults:2 | Reached skill level 15 in Short Blades
 53946 | Vaults:2 | Reached skill level 15 in Long Blades
 53946 | Vaults:2 | Reached skill level 15 in Axes
 53946 | Vaults:2 | Reached skill level 15 in Maces & Flails
 53946 | Vaults:2 | Reached skill level 15 in Polearms
 53946 | Vaults:2 | Reached skill level 15 in Staves
 53946 | Vaults:2 | Reached skill level 15 in Ranged Weapons
 53946 | Vaults:2 | Reached skill level 15 in Throwing
 53946 | Vaults:2 | Reached skill level 15 in Shields
 53946 | Vaults:2 | Reached skill level 15 in Unarmed Combat
 53946 | Vaults:2 | Reached skill level 15 in Evocations
 54516 | Vaults:3 | Found Kopasuo's Antique Weapon Emporium.
 55078 | Vaults:3 | Found Reciyg's Distillery.
 55084 | Vaults:3 | Bought a potion of haste for 190 gold pieces
 55084 | Vaults:3 | Bought a potion of heal wounds for 95 gold pieces
 55243 | Vaults:3 | Identified the +3 bardiche of the Valley of Death {spect,
                  | rPois MP+9 Str+3}
 55521 | Vaults:3 | Found a staircase to the Crypt.
 55521 | Vaults:3 | Found an ancient bone altar of Kikubaaqudgha.
 55522 | Vaults:3 | Found a basalt altar of Yredelemnul.
 55892 | Vaults:3 | Found Lonab's Assorted Antiques.
 55895 | Vaults:3 | Bought a brass wand for 144 gold pieces
 55938 | Vaults:4 | Noticed Donald
 55941 | Vaults:4 | Killed Donald
 55984 | Vaults:4 | Reached skill level 17 in Armour
 56011 | Vaults:4 | Reached XP level 22. HP: 154/175 MP: 29/42
 56095 | Vaults:4 | Reached skill level 15 in Earth Magic
 56613 | Vaults:4 | Paralysed by a sphinx for 3 turns
 56619 | Vaults:4 | Paralysed by a sphinx for 2 turns
 57712 | Depths:1 | Entered Level 1 of the Depths
 58244 | Depths:1 | Noticed a juggernaut
 58247 | Depths:1 | Killed a juggernaut
 58248 | Depths:1 | Reached skill level 15 in Summonings
 58447 | Depths:1 | Found a huge runed translucent gate.
 58448 | Depths:1 | Found a huge runed translucent gate.
 58448 | Depths:1 | Found a huge runed translucent gate.
 58448 | Depths:1 | Found a huge runed translucent gate.
 58448 | Depths:1 | Found a huge runed translucent gate.
 58449 | Depths:1 | Found a huge runed translucent gate.
 58449 | Depths:1 | Found a huge runed translucent gate.
 58449 | Depths:1 | Found a huge runed translucent gate.
 58449 | Depths:1 | Found a huge runed translucent gate.
 58450 | Depths:1 | Found a huge runed translucent gate.
 58451 | Depths:1 | Found a huge runed translucent gate.
 58452 | Depths:1 | Found a huge runed translucent gate.
 58452 | Depths:1 | Found a huge runed translucent gate.
 58453 | Depths:1 | Found a huge runed translucent gate.
 58453 | Depths:1 | Found a huge runed translucent gate.
 58458 | Depths:1 | Found a huge runed translucent gate.
 58459 | Depths:1 | Found a huge runed translucent gate.
 58460 | Depths:1 | Found a huge runed translucent gate.
 58460 | Depths:1 | Found a huge runed translucent gate.
 58460 | Depths:1 | Found a huge runed translucent gate.
 58480 | Depths:1 | Found a huge runed translucent gate.
 58481 | Depths:1 | Found a huge runed translucent gate.
 58482 | Depths:1 | Found a huge runed translucent gate.
 58482 | Depths:1 | Found a huge runed translucent gate.
 58495 | Depths:1 | Found a huge runed translucent gate.
 58496 | Depths:1 | Found a huge runed translucent gate.
 58497 | Depths:1 | Found a huge runed translucent gate.
 58497 | Depths:1 | Found a huge runed translucent gate.
 58499 | Depths:1 | Found a huge runed translucent gate.
 58500 | Depths:1 | Found a huge runed translucent gate.
 58501 | Depths:1 | Found a huge runed translucent gate.
 58502 | Depths:1 | Found a huge runed translucent gate.
 58502 | Depths:1 | Found a huge runed translucent gate.
 58506 | Depths:1 | Found a huge runed translucent gate.
 58507 | Depths:1 | Found a huge runed translucent gate.
 58508 | Depths:1 | Found a huge runed translucent gate.
 59211 | Depths:1 | Identified the +5 scale mail of Satisfaction {Fly MP+9
                  | Int+3 Dex+3}
 59426 | Depths:1 | Found a gateway to Hell.
 59768 | Depths:2 | Reached skill level 18 in Armour
 59870 | Depths:2 | Identified the ring "Qumuemuh" {Ice +Blink Str+3}
 59870 | Depths:2 | Noticed Josephina
 60033 | Depths:2 | Found a one-way gate leading to the halls of Pandemonium.
 60124 | Depths:2 | Reached XP level 23. HP: 147/183 MP: 17/43
 60334 | Depths:2 | Killed Josephina
 60407 | Depths:2 | Found a sparkling altar of Nemelex Xobeh.
 60504 | Depths:2 | Found a one-way gateway to a ziggurat.
 60748 | Depths:2 | Noticed a juggernaut
 60901 | Depths:2 | Identified the +5 falchion "Imp's Peril" {antimagic, rPois
                  | rF+ rC+}
 61015 | Depths:2 | Killed a juggernaut
 61488 | Depths:2 | Got the Grimoire of the Profulgent Wendigo
 61580 | Depths:3 | Learned a level 7 spell: Spellforged Servitor
 61587 | Depths:3 | Learned a level 6 spell: Bombard
 61938 | Depths:3 | Reached skill level 15 in Shapeshifting
 62087 | Depths:3 | Noticed a golden dragon
 62089 | Depths:3 | Killed a golden dragon
 62440 | Depths:3 | Found a sacrificial altar of Ru.
 63149 | Depths:3 | Noticed Jory
 63177 | Depths:3 | Killed Jory
 63190 | Depths:3 | Paralysed by a vampire knight for 4 turns
 63200 | Depths:3 | Reached skill level 19 in Armour
 63202 | Depths:3 | Paralysed by a vampire knight for 3 turns
 63899 | Depths:3 | Identified the ring "Ytukkau" {Wiz Int+4}
 63965 | Depths:3 | Identified the +5 cloak of Lethargy {*Corrode Int+3 Dex+3}
 64066 | Depths:4 | Entered Level 4 of the Depths
 64400 | Depths:4 | Identified the +3 robe "Viliuf Cauwk" {-Cast Rampage Str+4}
 64400 | Depths:4 | Noticed Boris
 64424 | Depths:4 | Killed Boris
 64485 | Depths:4 | Reached XP level 24. HP: 189/191 MP: 21/44
 64805 | Depths:4 | Noticed the Enchantress
 64814 | Depths:4 | Killed the Enchantress
 65194 | Depths:4 | Found a gate to the Realm of Zot.
 66154 | Slime:1  | Entered Level 1 of the Pits of Slime
 66880 | Elf:3    | Bought 5 silver javelins for 495 gold pieces
 67243 | Slime:1  | Found a viscous altar of Jiyva.
 70046 | Slime:5  | Entered Level 5 of the Pits of Slime
 70307 | Slime:5  | Reached skill level 20 in Armour
 70469 | Slime:5  | Noticed the Royal Jelly
 70691 | Slime:5  | Killed the Royal Jelly
 70786 | Slime:5  | Paralysed by a formless jellyfish for 1 turns
 70900 | Slime:5  | Gained mutation: You do not regenerate when monsters are
                  | visible. [a shining eye]
 70902 | Slime:5  | Lost mutation: You do not regenerate when monsters are
                  | visible. [potion of mutation]
 70902 | Slime:5  | Gained mutation: You expend magic power (3 MP) to
                  | strengthen your wands. [potion of mutation]
 70902 | Slime:5  | Gained mutation: Your mind is acute. (Int +4, Str/Dex -1)
                  | [potion of mutation]
 70902 | Slime:5  | Gained mutation: Your spells are a little harder to cast,
                  | but a little more powerful. [potion of mutation]
 70902 | Slime:5  | Gained mutation: You passively map a small area around you.
                  | [potion of mutation]
 71019 | Slime:5  | Identified the +0 hat of Olify {rElec rF+}
 71023 | Slime:5  | Identified the +3 spear "Atiagroff" {antimagic, Dex+2}
 71042 | Slime:5  | Got the Papyrus of the Manifold and the Tektite
 71044 | Slime:5  | Identified the staff "Tuxa" {rN+ Int+4 Summ Necro}
 71045 | Slime:5  | Identified the +4 ring mail of Quantum Leap {-Tele Str+4
                  | Int+6}
 71067 | Slime:5  | Got a slimy rune of Zot
 71384 | Slime:5  | Identified the +9 plate armour of the Jocular God {SInv}
 71396 | Slime:5  | Identified the +5 longbow "Xurro" {flame, Stlth+}
 71841 | Zot:1    | Entered Level 1 of the Realm of Zot
 72002 | Zot:1    | Reached XP level 25. HP: 180/201 MP: 4/44
 72399 | Zot:1    | Acquired 845 gold pieces
 72401 | Zot:1    | Acquired 1233 gold pieces
 72403 | Zot:1    | Acquired 966 gold pieces
 73237 | Zot:2    | Identified the +2 pair of gloves of Okawaru's Regard {rElec
                  | Regen+}
 73368 | Zot:2    | Identified the +1 chain mail of Xom's Inspiration {rCorr
                  | Str+3 Dex-3}
 73745 | Zot:2    | Noticed an orb of fire
 74574 | Snake:3  | Bought the ring of the Lich-sworn {rPois rC+ Will+ Stlth+}
                  | for 713 gold pieces
 75389 | Zot:2    | Gained mutation: Your body sometimes deteriorates upon
                  | taking damage. [an orb of fire]
 76284 | Zot:3    | Gained mutation: You occasionally shout uncontrollably at
                  | your foes. [an orb of fire]
 76288 | Zot:3    | Killed an orb of fire
 76289 | Zot:3    | Reached skill level 15 in Conjurations
 76289 | Zot:3    | Reached skill level 15 in Hexes
 76289 | Zot:3    | Reached skill level 15 in Necromancy
 76289 | Zot:3    | Reached skill level 15 in Translocations
 76289 | Zot:3    | Reached skill level 15 in Fire Magic
 76289 | Zot:3    | Reached skill level 15 in Ice Magic
 76289 | Zot:3    | Reached skill level 15 in Air Magic
 76289 | Zot:3    | Reached skill level 15 in Alchemy
 76962 | Zot:3    | Reached skill level 21 in Armour
 77406 | Zot:3    | Learned a level 5 spell: Borgnjor's Vile Clutch
 77719 | Zot:3    | Found a transporter.
 77753 | Zot:3    | Found a transporter.
 78114 | Zot:4    | Noticed a Killer Klown
 78119 | Zot:4    | Killed a Killer Klown
 78160 | Zot:5    | Entered Level 5 of the Realm of Zot
 78160 | Zot:5    | Found a broken altar of Ashenzari.
 78957 | Zot:5    | Reached XP level 26. HP: 211/211 MP: 35/45
 78981 | Zot:5    | Found a broken altar of Ashenzari.
 79578 | Zot:5    | Noticed an orb of fire
 79578 | Zot:5    | Noticed an orb of fire
 79798 | Zot:5    | Noticed an orb of fire
 79873 | Zot:5    | Noticed a dread lich
 79875 | Zot:5    | Noticed a Killer Klown
 79877 | Zot:5    | Noticed a Killer Klown
 79880 | Zot:5    | Killed a Killer Klown
 79882 | Zot:5    | Killed a Killer Klown
 79891 | Zot:4    | Killed a dread lich
 79952 | Zot:5    | Noticed an orb of fire
 79955 | Zot:5    | Noticed a Killer Klown
 80158 | Zot:5    | Gained mutation: You occasionally lose the ability to drink
                  | potions when taking damage. [an orb of fire]
 80166 | Zot:4    | Killed a Killer Klown
 80167 | Zot:4    | Killed an orb of fire
 80227 | Zot:5    | Lost mutation: Your mind is acute. (Int +4, Str/Dex -1) [an
                  | orb of fire]
 80228 | Zot:5    | Noticed a Killer Klown
 80232 | Zot:5    | Killed a Killer Klown
 80233 | Zot:5    | Killed an orb of fire
 80367 | Zot:5    | Noticed a Killer Klown
 80368 | Zot:5    | Reached skill level 22 in Armour
 80371 | Zot:5    | Killed a Killer Klown
 80374 | Zot:5    | Noticed a Killer Klown
 80378 | Zot:5    | Killed a Killer Klown
 80444 | Zot:5    | Noticed a Killer Klown
 80449 | Zot:5    | Killed a Killer Klown
 80509 | Zot:5    | Killed an orb of fire
 80607 | Zot:5    | Killed an orb of fire
 81415 | Zot:5    | Noticed a dread lich
 81422 | Zot:5    | Killed a dread lich
 81545 | Zot:5    | Noticed a Killer Klown
 81550 | Zot:5    | Killed a Killer Klown
 82026 | Zot:5    | Noticed an ancient lich
 82031 | Zot:5    | Killed an ancient lich
 82374 | Zot:5    | Reached XP level 27. HP: 219/219 MP: 37/46
 82755 | Zot:5    | Got the Orb of Zot
 82823 | Zot:3    | Noticed Gaot the pandemonium lord
 83300 | D:2      | Noticed Xuavaogi the pandemonium lord
 83346 | D:$      | Escaped with the Orb!

Illustrated notes

Levels and vault maps discovered:
D:1:      spicycebolla_arrival_xxxplode, layout_basic
D:2:      layout_basic
D:3:      minmay_roachtagon, layout_rooms, tso_oasis_becter, serial_shops, shop,
          gup_sewer_entry_spiral, due_unseen_surprise, uniq_crazy_yiuf_cottage
D:4:      layout_loops_corners, lightli_temple_of_fire, minmay_gold_behind_fungi
D:5:      layout_loops_corners, serial_shops, shop, shop,
          biasface_ghost_orc_armoury, uniq_blork_the_orc, uniq_eustachio
D:6:      layout_loops_ring
D:7:      old_forge, layout_rooms, minmay_temple_entry_enclosed_plants,
          uniq_prince_ribbit1, uniq_maggie
D:8:      layout_basic, slow_altar_1, mainiacjoe_overflow_six_doors_small,
          serial_shops, nicolae_diamond_shop
D:9:      layout_cross, dpeg_lair_monsters, david_orc_4,
          nicolae_elevator_lobby_plus
D:10:     layout_irregular_city
D:11:     layout_loops_ring, nicolae_trove_entry_free_sample,
          nrook_guardian_serpent_double
D:12:     layout_loops_ring, serial_shops, nicolae_shop_tiny_statue_garden,
          uniq_rupert, uniq_urug, uniq_erolcha, uniq_jorgrun
D:13:     layout_basic, david_vaults_3
D:14:     layout_grid_maze, serial_shops, shop, minmay_misc_feat_five,
          amcnicky_altar_lugonu_corruption
D:15:     grunt_enter_depths_hoard, layout_loops_cross,
          pdpol_wu_jian_five_deadly_venoms, serial_shops, shop,
          minmay_guarded_unrand_brilliance
Temple:   eino_narrow_crystal_temple
Lair:1:   layout_chaotic_city, nicolae_volcano_entry_batcave,
          kennysheep_abandoned_house, lemuel_fruit_tree, grunt_megastairs_3
Lair:2:   layout_roguey, minmay_shoals_entry_centaurs,
          minmay_snake_entry_six_corridors, serial_bayou_crossing
Lair:3:   layout_regular_city, uniq_nergalle
Lair:4:   layout_layer_cave, grunt_forest_small_clearing_treed,
          infiniplex_staircase_pool
Lair:5:   minmay_lair_end_enchanted_forest, layout_regular_city,
          minmay_slime_entry_oklob_enclosed, nicolae_lair_yak_garden
Shoals:1: layout_shoals, lemuel_oklob_altar
Shoals:2: layout_shoals, serial_shops, shop, uniq_ilsuiw, uniq_mlioglotl
Shoals:3: layout_shoals, nicolae_shoals_nautilus_by_nature,
          nicolae_shoals_bring_sunscreen
Shoals:4: shoals_end_grunt_ice, layout_shoals, serial_shops,
          nicolae_shop_pleasant_corner_grove, uniq_mara
Snake:1:  layout_chambers, uniq_azrael
Snake:2:  layout_onion, nicolae_letterblocks [nicolae_letter_subblock,
          nicolae_letter_subblock, nicolae_letter_subblock,
          nicolae_letter_subblock, nicolae_letter_subblock,
          nicolae_letter_subblock, nicolae_letter_subblock,
          nicolae_letter_subblock, nicolae_letter_subblock,
          nicolae_letter_subblock, nicolae_letter_subblock,
          nicolae_letter_subblock, nicolae_letter_subblock,
          nicolae_letter_subblock, nicolae_letter_subblock,
          nicolae_letter_subblock, nicolae_letter_subblock,
          nicolae_letter_subblock, nicolae_letter_subblock,
          nicolae_letter_subblock, nicolae_letter_subblock,
          nicolae_letter_subblock, nicolae_letter_subblock,
          nicolae_letter_subblock, nicolae_letter_subblock],
          nicolae_triple_integral
Snake:3:  layout_layer_cave, serial_bayou_shore_b, minmay_shop_grove,
          uniq_vashnia
Snake:4:  johnstein_snake_rune_scales, layout_cave_town, uniq_aizul
Slime:1:  layout_caves, basic_altar
Slime:2:  layout_caves, cheibrodos_slime_lost_civilization_7
Slime:3:  layout_caves
Slime:4:  layout_caves, nicolae_slime_crime_time
Slime:5:  slime_pit_nicolae_amoeboid
Orc:1:    layout_diamond_mine, gammafunk_ghost_split, guppyfry_library_mini
Orc:2:    grunt_orc_community_town_hall, layout_caves,
          grunt_orc_community_big_house_2, grunt_orc_community_big_house_1,
          grunt_orc_community_house_1, grunt_orc_community_house_2,
          grunt_orc_community_house_1, grunt_orc_community_house_3,
          grunt_orc_community_house_1, grunt_orc_community_house_1, basic_altar,
          nicolae_orc_found_a_spring
Elf:1:    minmay_elf_arrival_summoners, layout_onion_city,
          kilobyte_rumbling_trees, lemuel_upstairs_altar
Elf:2:    nicolae_elf_blades_crystal_corner, layout_rooms, serial_shops, shop,
          minmay_shop_star
Elf:3:    grunt_elf_hall_asides, layout_loops_ring, serial_shops, shop,
          nicolae_shop_real_fake_doors, nicolae_shop_pleasant_corner_grove,
          shop, regret_index_elf_centigrade
Vaults:1: vaults_mumra_minichess, hangedman_vaults_trim, vaults_dpeg_diagonal,
          v_pattern_3, v_misc_15, v_misc_26, nicolae_vaults_circle_grid_a,
          nicolae_vaults_closet_pinwheel_6, nicolae_vaults_double_plus_2,
          nicolae_vaults_lightning_bolt, ontoclasm_vaults_ring_large, v_rooms_4,
          ontoclasm_vaults_hangar, dpeg_vaults_hating_casters,
          vaults_dpeg_hooks, nicolae_vaults_prndl, layout_vaults_omnibox
Vaults:2: nicolae_vaults_network_periphery, nicolae_vaults_weapon_check,
          nicolae_vaults_tangram_1, nicolae_vaults_c_with_doors,
          nicolae_vaults_three_branches, nicolae_vaults_apartment_1,
          nicolae_vaults_shelves_hall, nicolae_vaults_tetromino_L_1,
          nicolae_vaults_mini_display_case, layout_vaults_omnigrid
Vaults:3: nicolae_vaults_double_plus_1, hangedman_vaults_stagger,
          minmay_crypt_entry_necro_gods, vaults_dpeg_ring, ontoclasm_vaults_eye,
          nicolae_vaults_frosty_reception, vaults_room_door_ring,
          nicolae_vaults_hexular_roomagon, nicolae_vaults_heist,
          nicolae_vaults_security_offices_3, vaults_room_pools,
          nicolae_vaults_sightless_eye, nicolae_vaults_trapezoid_lopsided_1,
          layout_vaults_big_cross, serial_shops, shop_statue, shop,
          nicolae_shop_hallway_plus, serial_glass
Vaults:4: vaults_dpeg_cross, hangedman_vaults_capsules, ontoclasm_vaults_twist,
          v_misc_17, nicolae_vaults_shelves_hall,
          nicolae_vaults_layer_cake_slice, nicolae_vaults_trapezoid_layered,
          vaults_room_grid, layout_vaults_big_room, uniq_margery, uniq_donald
Depths:1: minmay_the_grid_triangle_9x9_rhombus_thin
          [minmay_the_grid_triangle_9x9_zippers_horizontal,
          minmay_the_grid_triangle_9x9_prize_top_heavy,
          minmay_the_grid_triangle_9x9_intruding_spiral,
          minmay_the_grid_triangle_9x9_flanged_cone], layout_long_grid,
          pf_coc_iceberg, hex_tiny, eino_tiny_chamber,
          serial_sigils_hangedman_shear, door_vault
Depths:2: minmay_tile_spiral, layout_basic, enter_ziggurat_b,
          nemelex_diamond_rough_becter, hellmouth_2, rand_demon_pan_entry_7,
          infiniplex_staircase_pool_2, uniq_josephina
Depths:3: due_jory_tower, layout_gridlike,
          regret_index_abyss_entry_earlier_magic, hangedman_tar_grid_catacomb,
          kennysheep_path_1, rand_demon_pan_entry_4,
          nicolae_ru_sacrificial_ziggurat, serial_bayou_shore_b
Depths:4: grunt_zot_entry_bicorn, layout_basic, hell_entry,
          serial_sigils_hangedman_snap, uniq_boris, uniq_enchantress
Zot:1:    layout_onion_interference, regret_index_zotdec_stipple_waver,
          regret_index_zotdec_barnacled_simple
Zot:2:    layout_basic, regret_index_zotdec_fiery_em, lemuel_elevator
Zot:3:    lemuel_firehouse, layout_onion, nicolae_diode_stairs
Zot:4:    layout_basic
Zot:5:    layout_onion, bh_zot_lava_cross, hangedman_feature_mirror

Skill      XL: |  1  2  3  4  5  6  7  8  9 10 11 12 13 14 15 16 17 18 19 20 21 22 23 24 25 26 |
---------------+-------------------------------------------------------------------------------+-----
Spellcasting   | 5 6 7 8 9 10 11 12 13 14 15 16 17 18 19 | 19.2
Invocations    | 1 2 3 4 5 6 7 8 9 10 11 12 13 14 15 16 17 18 19 20 | 20.2
Fighting       | 1 2 3 5 6 7 8 9 10 11 12 13 14 15 16 17 18 | 18.7
Short Blades   | 1 2 3 5 6 7 8 9 10 11 12 13 14 15 16 17 18 | 18.7
Long Blades    | 1 2 3 5 6 7 8 9 10 11 12 13 14 15 16 17 18 | 18.7
Axes           | 1 2 3 5 6 7 8 9 10 11 12 13 14 15 16 17 18 | 18.7
Maces & Flails | 1 2 3 5 6 7 8 9 10 11 12 13 14 15 16 17 18 | 18.7
Polearms       | 1 2 3 5 6 7 8 9 10 11 12 13 14 15 16 17 18 | 18.7
Staves         | 1 2 3 5 6 7 8 9 10 11 12 13 14 15 16 17 18 | 18.7
Ranged Weapons | 1 2 3 5 6 7 8 9 10 11 12 13 14 15 16 17 18 | 18.7
Throwing       | 1 2 3 5 6 7 8 9 10 11 12 13 14 15 16 17 19 20 21 | 21.5
Armour         | 1 2 3 5 6 7 8 9 10 11 12 13 14 15 17 18 19 20 21 22 | 22.5
Shields        | 1 2 3 5 6 7 8 9 10 11 12 13 14 15 16 17 18 | 18.7
Unarmed Combat | 1 2 3 5 6 7 8 9 10 11 12 13 14 15 16 17 18 | 18.7
Evocations     | 1 2 3 5 6 7 8 9 10 11 12 13 14 15 16 17 18 | 18.7
Shapeshifting  | 1 2 3 4 5 6 7 8 9 10 11 12 13 14 15 16 17 | 17.2
Conjurations   | 1 2 3 4 5 6 7 8 9 10 11 12 13 14 15 | 15.9
Hexes          | 1 2 3 4 5 6 7 8 9 10 11 12 13 14 15 | 15.9
Necromancy     | 1 2 3 4 5 6 7 8 9 10 11 12 13 14 15 | 15.9
Translocations | 1 2 3 4 5 6 7 8 9 10 11 12 13 14 15 | 15.9
Fire Magic     | 1 2 3 4 5 6 7 8 9 10 11 12 13 14 15 | 15.9
Ice Magic      | 1 2 3 4 5 6 7 8 9 10 11 12 13 14 15 | 15.9
Air Magic      | 1 2 3 4 5 6 7 8 9 10 11 12 13 14 15 | 15.9
Earth Magic    | 1 2 3 4 5 6 7 8 9 10 11 12 13 14 15 16 17 18 19 | 19.6
Alchemy        | 1 2 3 4 5 6 7 8 9 10 11 12 13 14 15 | 15.9
Dodging        | 5 6 7 8 9 10 11 12 13 14 15 16 17 18 19 | 19.1
Stealth        | 5 6 7 8 9 10 11 12 13 14 15 16 17 18 19 | 19.1
Summonings     | 8 9 10 11 12 13 14 15 16 17 | 17.2

Action                     |  1- 3 |  4- 6 |  7- 9 | 10-12 | 13-15 | 16-18 | 19-21 | 22-24 | 25-27 || total
---------------------------+-------+-------+-------+-------+-------+-------+-------+-------+-------++-------
  Melee: Spear             |    97 |   105 |       |       |       |       |       |       |       ||   202
         Bite              |     8 |       |    10 |    26 |    78 |    12 |    50 |    68 |    33 ||   285
         Trident           |       |     1 |   147 |   241 |   510 |     4 |       |       |       ||   903
         Double sword      |       |       |       |       |    23 |       |     3 |       |       ||    26
         Short sword       |       |       |       |       |     2 |       |       |       |       ||     2
         Rapier            |       |       |       |       |       |   112 |   210 |   179 |    10 ||   511
         Demon whip        |       |       |       |       |       |       |     3 |    73 |       ||    76
         Staff             |       |       |       |       |       |       |       |    47 |   113 ||   160
         Demon trident     |       |       |       |       |       |       |       |    26 |    36 ||    62
  Throw: Dart              |       |       |       |       |       |       |     2 |       |       ||     2
         Javelin           |       |       |       |       |       |       |       |       |     2 ||     2
   Cast: Summon Small Mamm |    26 |     2 |     1 |       |     1 |       |       |       |       ||    30
         Call Imp          |     9 |    24 |    18 |     4 |       |       |       |       |       ||    55
         Call Canine Famil |     6 |    22 |    30 |    30 |     1 |       |       |       |       ||    89
         Summon Blazeheart |       |     2 |    17 |    60 |     9 |       |       |       |       ||    88
         Summon Lightning  |       |       |    20 |    60 |    84 |    58 |    32 |     9 |       ||   263
         Summon Forest     |       |       |       |    15 |    76 |    96 |    57 |    18 |     2 ||   264
         Summon Cactus Gia |       |       |       |       |   117 |   160 |   103 |    44 |     3 ||   427
         Summon Mana Viper |       |       |       |       |    60 |   147 |   107 |    41 |     5 ||   360
         Irradiate         |       |       |       |       |       |     2 |     2 |    23 |    16 ||    43
         Permafrost Erupti |       |       |       |       |       |       |   330 |   422 |   347 ||  1099
         Spellforged Servi |       |       |       |       |       |       |       |    31 |    27 ||    58
         Passwall          |       |       |       |       |       |       |       |     1 |     2 ||     3
         Bombard           |       |       |       |       |       |       |       |       |     6 ||     6
         Borgnjor's Vile C |       |       |       |       |       |       |       |       |     9 ||     9
 Invoke: Potion Petition   |       |       |       |       |       |     1 |       |     1 |     1 ||     3
         Bribe Branch      |       |       |       |       |       |       |       |       |     2 ||     2
  Evoke: Wand              |       |       |     3 |       |     5 |       |     9 |     4 |     1 ||    22
         Condenser vane    |       |       |       |       |       |     1 |     1 |       |       ||     2
    Use: Scroll            |       |       |     6 |       |    21 |     2 |     3 |     5 |     8 ||    45
         Potion            |       |       |     1 |       |       |     1 |       |     3 |     2 ||     7
   Stab: Sleeping          |     4 |     2 |     5 |     1 |     3 |     9 |     1 |     6 |       ||    31
         Distracted        |       |     4 |     2 |     8 |    11 |     5 |    10 |     5 |       ||    45
         Betrayed ally     |       |       |       |       |     1 |       |       |       |       ||     1
 Armour: Robe              |    34 |    32 |    43 |       |   148 |     4 |       |       |       ||   261
         Steam dragon scal |       |       |    34 |   101 |   149 |       |       |       |       ||   284
         Troll leather arm |       |       |       |       |       |   184 |   349 |   279 |   194 ||  1006
  Dodge: Dodged            |    54 |    66 |   104 |   142 |   627 |   242 |   298 |   277 |   138 ||  1948
  Block: Buckler           |       |       |       |       |       |    53 |       |       |       ||    53
         Kite shield       |       |       |       |       |       |   150 |   388 |   364 |   191 ||  1093

Table legend: (Time is in decaauts)
 A = Elapsed time spent in this place.
 B = Non-inter-level travel time spent in this place.
 C = Inter-level travel time spent in this place.
 D = Time resting spent in this place.
 E = Time spent auto-exploring this place.
 F = Levels seen in this place.
 G = Mean time per level.
                   A        B        C        D        E       F      G
               +--------+--------+--------+--------+--------+-----+--------+
         Total |  83789 |  73598 |  10191 |  12319 |  45590 |  52 | 1611.3 |
       Dungeon |  20837 |  17370 |   3467 |   1779 |  12517 |  15 | 1389.1 |
        Temple |     33 |      4 |     29 |      0 |      0 |   1 |   33.0 |
          Lair |  11926 |  10021 |   1905 |   1675 |   6527 |   5 | 2385.2 |
        Shoals |   5838 |   5324 |    514 |   1095 |   3031 |   4 | 1459.5 |
     Snake Pit |   6602 |   5705 |    897 |    377 |   3597 |   4 | 1650.5 |
    Slime Pits |   4386 |   4217 |    169 |    996 |   2185 |   5 |  877.2 |
  Orcish Mines |   2765 |   2413 |    352 |     36 |   1707 |   2 | 1382.5 |
   Elven Halls |   6389 |   5947 |    442 |   1381 |   2580 |   3 | 2129.7 |
        Vaults |   6868 |   6159 |    709 |    449 |   4625 |   4 | 1717.0 |
        Depths |   8518 |   7800 |    718 |   1486 |   4680 |   4 | 2129.5 |
           Zot |   9623 |   8639 |    984 |   3044 |   4139 |   5 | 1924.6 |
               +--------+--------+--------+--------+--------+-----+--------+

Top non-repeatable levels by time:
  Lair:5: 3440 daAuts
   Elf:3: 3142 daAuts
   Zot:5: 3026 daAuts
Depths:3: 2644 daAuts
  Lair:4: 2536 daAuts
  Lair:1: 2375 daAuts
     D:9: 2148 daAuts
Depths:1: 1977 daAuts
Vaults:1: 1977 daAuts
Depths:2: 1949 daAuts
Depths:4: 1947 daAuts
   Elf:1: 1934 daAuts
   Zot:2: 1928 daAuts
  Lair:2: 1914 daAuts
Shoals:4: 1889 daAuts
